 Dungeon Crawl Stone Soup version 0.20-a0-923-g548304e (webtiles) character file.

88 FastMan the Shield-Bearer (level 4, -2/35 HPs)
             Began as a Formicid Fighter on Mar 26, 2017.
             Slain by a worker ant (5 damage)
             ... on level 4 of the Dungeon.
             The game lasted 00:01:07 (824 turns).

FastMan the Shield-Bearer (Formicid Fighter)         Turns: 824, Time: 00:01:08

Health: -2/35      AC:  8    Str: 20    XL:     4   Next: 81%
Magic:  4/4        EV:  8    Int:  8    God:
Gold:   45         SH: 10    Dex: 13    Spells: 3/3 levels left

rFire    . . .     SeeInvis +   a - +0 war axe
rCold    . . .     Gourm    .   c - +0 shield
rNeg     . . .     Faith    .   b - +0 scale mail
rPois    .         Spirit   .   (helmet unavailable)
rElec    .         Reflect  .   (no cloak)
rCorr    .         Harm     .   (no gloves)
MR       .....                  (no boots)
Stlth    ..........             (no amulet)
Regen    0.2/turn               (no ring)
MPRegen  0.1/turn               (no ring)

@: lethally poisoned (-2 -> -16)
A: permanent stasis, dig shafts and tunnels, four strong arms, antennae 3, claws
1, thin skeletal structure 1, yellow scales 1
a: Dig, Shaft Self


You were on level 4 of the Dungeon.
You were not hungry.

You visited 1 branch of the dungeon, and saw 4 of its levels.

You collected 45 gold pieces.

Inventory:

Hand Weapons
 a - a +0 war axe (weapon)
Armour
 b - a +0 scale mail (worn)
 c - a +0 shield (worn)
Scrolls
 e - a scroll of magic mapping {unknown}
 g - 2 scrolls of enchant weapon {unknown}
 h - 3 scrolls of teleportation {unknown}
 i - a scroll of fear {unknown}
 l - a scroll of recharging {unknown}
 m - a scroll of enchant armour {unknown}
Potions
 d - 2 potions of might {@q4}
 k - a potion of brilliance {unknown}
 n - a potion of degeneration {unknown}
Comestibles
 f - 2 bread rations {@e1}


   Skills:
 - Level 3.2 Fighting
 * Level 4.0 Axes
 - Level 3.2 Armour
 + Level 4.4 Shields


You had 3 spell levels left.
You didn't know any spells.

Dungeon Overview and Level Annotations

Branches:
Dungeon (4/15)
 Temple: D:4-7

Altars:
Hepliaklqana
Vehumet


Innate Abilities, Weirdness & Mutations

You cannot be hasted, slowed, berserked, paralysed or teleported.
You can dig through walls and to a lower floor.
Your four strong arms can wield two-handed weapons with a shield.
You have a pair of large antennae on your head. (SInv)
You have sharp fingernails.
You have a somewhat thin skeletal structure. (Dex +2, Stealth)
You are partially covered in yellow scales. (AC +2)


Message History

You barely miss the worker ant.
The worker ant is almost dead.
You feel sick. The worker ant bites you.
You are lethally poisoned!
The worker ant poisons you! The worker ant bites you.
* * * LOW HITPOINT WARNING * * *
You closely miss the worker ant.
The worker ant is almost dead.
* * * LOW HITPOINT WARNING * * *
You feel sick.
The worker ant bites you but does no damage. x2
Your shield prevents you from hitting the worker ant.
The worker ant is almost dead.
* * * LOW HITPOINT WARNING * * *
You feel sick. You block the worker ant's attack.
You closely miss the worker ant.
The worker ant is almost dead.
* * * LOW HITPOINT WARNING * * *
You feel sick. The worker ant barely misses you. The worker ant bites you.
You die...

...########
..........> #.
.........#. #.
##.#####.# #.##
##.#####.# #...
.........# #..#
...############..#
...# #.........a.#
.#.###.# #@#
.#.....##### #.#
...#.......# #.#
...........# #.#
...#.......# #.#
...#.......# #.#
...#.......#####.#
..>#.............#
.#.#.......#######


You could see a worker ant.

Vanquished Creatures
  A crimson imp (D:3)
  3 adders
  A worm (D:2)
  2 goblins (D:1)
  A hobgoblin (D:2)
  A jackal (D:2)
  6 kobolds
  2 quokkas
  4 bats
  A frilled lizard (D:3)
  A rat (D:3)
23 creatures vanquished.

Notes
Turn   | Place    | Note
-------+----------+-------------------------------------------
     0 | D:1      | FastMan the Formicid Fighter began the quest for the Orb.
     0 | D:1      | Reached XP level 1. HP: 18/18 MP: 1/1
    72 | D:2      | Reached XP level 2. HP: 15/24 MP: 2/2
   156 | D:2      | Reached XP level 3. HP: 21/29 MP: 3/3
   171 | D:2      | Gained mutation: You have sharp fingernails. [potion of mutation]
   171 | D:2      | Gained mutation: You are partially covered in yellow scales. (AC +2) [potion of mutation]
   171 | D:2      | Gained mutation: You have a somewhat thin skeletal structure. (Dex +2, Stealth) [potion of mutation]
   192 | D:3      | HP: 1/29 [poisoned by an adder]
   593 | D:3      | Reached XP level 4. HP: 33/35 MP: 4/4
   609 | D:3      | Found a radiant altar of Vehumet.
   765 | D:4      | Found a hazy altar of Hepliaklqana.
   824 | D:4      | Slain by a worker ant

Vault maps used:
D:1:      dpeg_arrival_houses_and_road
D:3:      nicolae_overflow_hidden_temple, uniq_terence
D:4:      overflow_temple_1_default, lemuel_doored_altar, marbit_many_paths,
          minmay_temple_entry_grid, first_bread, nrook_loot_triangle

Skill      XL: |  1  2  3  4 |
---------------+-------------+-----
Axes           | 3 4 |  4.0
Shields        | 4 |  4.4
Fighting       | |  3.2
Armour         | |  3.2

Action                   |  1- 3 |  4- 6 || total
-------------------------+-------+-------++-------
Melee: War axe           |    60 |    42 ||   102
  Use: Potion            |     2 |       ||     2
Armor: Scale mail        |    28 |    26 ||    54
Dodge: Dodged            |    22 |     5 ||    27
Block: Shield            |    39 |    10 ||    49
